 Dungeon Crawl Stone Soup version 0.21.1-1-g345015f (webtiles) character file.

49 grindst0ne the Skirmisher (level 4, -2/38 HPs)
             Began as a Formicid Hunter on Mar 1, 2018.
             Slain by a human (3 damage)
             ... on level 2 of the Dungeon.
             The game lasted 00:03:51 (1725 turns).

grindst0ne the Skirmisher (Formicid Hunter)         Turns: 1725, Time: 00:03:51

Health: -2/38      AC:  5    Str: 14 (17) XL:     4   Next: 2%
Magic:  4/4        EV: 11    Int: 15 (16) God:
Gold:   110        SH:  0    Dex: 10 (11) Spells: 3/3 levels left

rFire    + . .     SeeInvis +   k - +0 hand axe
rCold    + . .     Gourm    .   (no shield)
rNeg     . . .     Faith    .   b - +0 leather armour
rPois    +         Spirit   .   (helmet unavailable)
rElec    +         Reflect  .   p - +1 cloak
rCorr    +         Harm     .   (no gloves)
MR       .....                  (no boots)
Stlth    +.........             (no amulet)
HPRegen  0.12/turn              (no ring)
MPRegen  0.09/turn              (no ring)

@: brilliant, resistant, very slightly contaminated
A: permanent stasis, dig shafts and tunnels, four strong arms, antennae 3,
poison resistance, wild magic 1
a: Dig, Shaft Self


You were on level 2 of the Dungeon.
You were hungry.

You visited 1 branch of the dungeon, and saw 2 of its levels.

You collected 110 gold pieces.

Inventory:

Hand Weapons
 a - a +0 short sword
 k - a +0 hand axe (weapon)
Armour
 b - a +0 leather armour (worn)
 p - a +1 cloak (worn)
Scrolls
 i - 2 scrolls of fear {unknown}
 j - a scroll of amnesia
Comestibles
 f - 6 rations


   Skills:
 + Level 4.4 Fighting
 - Level 4.0 Throwing
 - Level 1.7 Dodging
 - Level 1.2 Stealth


You had 3 spell levels left.
You didn't know any spells.

Dungeon Overview and Level Annotations

Branches:
Dungeon (2/15)

Altars:
Ashenzari
Fedhas
Trog
Yredelemnul


Innate Abilities, Weirdness & Mutations

You cannot be hasted, slowed, berserked, paralysed or teleported.
You can dig through walls and to a lower floor.
Your four strong arms can wield two-handed weapons with a shield.
You have a pair of large antennae on your head. (SInv)
Your system is resistant to poisons. (rPois)
Your spells are a little harder to cast, but a little more powerful.


Message History

The creatures around you are filled with an inner flame!
It was a scroll of immolation.
The human hits you.
* * * LOW HITPOINT WARNING * * *
You miss the human.
The human is heavily wounded.
The human hits you.
* * * LOW HITPOINT WARNING * * *
The human hits you but does no damage.
Okay, then.
You aren't carrying any potions.
As you read the scroll labeled RIDON EHYSCHA, it crumbles to dust.
You hear a loud clanging noise!
It was a scroll of noise.
You hear an angry hiss.
You hear a shout!
The human hits you but does no damage.
As you read the scroll labeled KYIRHE LUQI, it crumbles to dust.
It is a scroll of identify.
j - a scroll of amnesia The human hits you.
You die...

♣P.#........#......#
♣♣P......###........###
♣P.......# ♣P.♣#......<
P.♣.......#♣♣P.♣.....### P
####.....♣..P.♣...####
#...♣♣♣..PP♣.#####.
#..♣♣.....♣♣.......
#..♣PP..♣.P♣####.##
#.@♣.P.♣♣PP.♣##....
##p♣PP♣♣#♣..P##.... ##r#♣♣
♣♣♣..#..## ###########...###
♣♣....## #.. ...##.......#
###.... #.####.#......#.#######
#..## ###.##..........(.r....(#
#..## #...##.#.#.....#.#.####(#
#....
#.#.##.#.##...#.###.###.###....


You could see a human (inner flame) and a rat (inner flame).

Vanquished Creatures
  An adder (D:2)
  An ooze (D:1)
  2 worms (D:2)
  2 leopard geckos
  A ball python (D:1)
  4 hobgoblins
  2 jackals (D:1)
  A kobold (D:2)
  3 bats
  4 frilled lizards (D:1)
  2 goblins (D:2)
  A goblin skeleton (D:2)
  7 rats
31 creatures vanquished.

Notes
Turn   | Place    | Note
-------+----------+-------------------------------------------
     0 | D:1      | grindst0ne the Formicid Hunter began the quest for the Orb.
     0 | D:1      | Reached XP level 1. HP: 16/16 MP: 1/1
   193 | D:1      | Reached XP level 2. HP: 22/23 MP: 2/2
   532 | D:1      | Found a shattered altar of Ashenzari.
   575 | D:1      | Reached XP level 3. HP: 12/29 MP: 3/3
   965 | D:2      | Found a blossoming altar of Fedhas.
  1346 | D:2      | Found a bloodstained altar of Trog.
  1391 | D:2      | Reached XP level 4. HP: 18/38 MP: 4/4
  1419 | D:2      | Found a runed door.
  1419 | D:2      | Noticed a human
  1660 | D:2      | Found a basalt altar of Yredelemnul.
  1701 | D:2      | Gained mutation: Your spells are a little harder to cast, but a little more powerful. [potion of mutation]
  1701 | D:2      | Gained mutation: Your system is resistant to poisons. (rPois) [potion of mutation]
  1723 | D:2      | HP: 1/38 [human (6)]
  1725 | D:2      | Slain by a human

Skill      XL: |  1  2  3 |
---------------+----------+-----
Fighting       | 3 4 |  4.4
Throwing       | |  4.0
Dodging        | |  1.7
Stealth        | |  1.2

Action                   |  1- 3 |  4- 6 || total
-------------------------+-------+-------++-------
Melee: Hand axe          |    72 |    22 ||    94
       Short sword       |     1 |       ||     1
Throw: Javelin           |    11 |     4 ||    15
       Throwing net      |     2 |     3 ||     5
 Abil: Dig               |     1 |       ||     1
  Use: Potion            |       |     7 ||     7
       Scroll            |       |     5 ||     5
 Stab: Sleeping          |     1 |       ||     1
  Eat: Chunk             |     2 |       ||     2
Armor: Leather armour    |    20 |    12 ||    32
Dodge: Dodged            |    68 |    17 ||    85
